 Dungeon Crawl Stone Soup version 0.31.0-11-ge490571c62 (webtiles) character file.

Game seed: 10652568584087122381

65 qw the Shooter (level 3, -10/18 HPs)
             Began as a Spriggan Hunter on Feb 4, 2024.
             Mangled by a black bear (12 damage)
             ... on level 3 of the Dungeon.
             The game lasted 00:00:40 (1419 turns).

qw the Shooter (Spriggan Hunter)                    Turns: 1419, Time: 00:00:40

Health: -10/18     AC:  2    Str:  7    XL:     3   Next: 92%
Magic:  4/4        EV: 19    Int: 10    God:
Gold:   110        SH:  0    Dex: 20    Spells: 2/2 levels left

rFire   . . .        a - +0 shortbow
rCold   . . .        (shield currently unavailable)
rNeg    . . .        c - +0 robe
rPois   .            (helmet restricted)
rElec   .            (no cloak)
rCorr   .            (gloves unavailable)
SInv    +            (boots unavailable)
Will    .....        (no amulet)
Stlth   ++           (no ring)
HPRegen 0.23/turn    (no ring)
MPRegen 0.09/turn

%: no passive effects
@: hasted, very quick
A: very small, no large weapons, unfitting armour, see invisible, speed 3
a: no special abilities


You were on level 3 of the Dungeon.
You visited 1 branch of the dungeon, and saw 3 of its levels.

You collected 110 gold pieces.


Innate Abilities, Weirdness & Mutations

You are very small and have problems with some larger weapons.
You are too small for most types of armour.
You have supernaturally acute eyesight. (SInv)
You cover ground extremely quickly. (Speed+++)


   Skills:
 - Level 1.5 Fighting
 - Level 5.0 Ranged Weapons
 + Level 4.0 Dodging
 - Level 1.5 Stealth


You had 2 spell levels left.
You didn't know any spells.
Your spell library was empty.

Inventory:

Hand Weapons
 a - a +0 shortbow (weapon)
Armour
 c - a +0 robe (worn)
Jewellery
 h - a ring of fire
Potions
 f - a potion of curing
 g - a potion of invisibility {unknown}

Dungeon Overview and Level Annotations

Branches:
Dungeon (3/15)

Altars:


Message History

Press: ? - help, Dir - move target, f - you
As you read the scroll labelled RIAVVO USAGOPH, it crumbles to dust.
It was a scroll of blinking.
Done exploring.
1374 ||| DRINKING 2 bubbling puce potions.
It was a potion of curing.
You feel better.
Done exploring.
What level of the Dungeon? (default 2, ? - help)
There is a stone staircase leading down here.
You climb downwards.
There is a stone staircase leading up here.
Waypoint 2 assigned to D:3.
A black bear comes into view.
1411 ||| DRINKING potion of haste.
You feel yourself speed up.
You shoot an arrow. The arrow hits the black bear!
The black bear growls angrily.
The black bear is moderately wounded.
You shoot an arrow. The arrow hits the black bear.
The black bear is heavily wounded.
The black bear bites you.
The black bear claws you but does no damage.
The black bear closely misses you.
You shoot an arrow.
The arrow closely misses the black bear.
You shoot an arrow. The arrow hits the black bear.
The black bear is severely wounded.
The black bear bites you! The black bear completely misses you.
The black bear barely misses you.
You shoot an arrow. The arrow hits the black bear.
The black bear is severely wounded.
The black bear bites you. The black bear completely misses you.
The black bear claws you.
You shoot an arrow. The arrow barely misses the black bear.
You shoot an arrow.
The arrow closely misses the black bear.
The black bear goes berserk!
You shoot an arrow. The arrow barely misses the black bear.
The black bear bites you!
Ouch! That really hurt!
You die...

#. #. #. #.
### #. #<#
#. #.#
#h########.#
#.@........#
############


You could see a black bear (berserk).

Vanquished Creatures
  2 adders (D:2)
  A dart slug (D:1)
  3 endoplasms
  A giant cockroach (D:1)
  4 goblins (D:1)
  4 hobgoblins
  11 kobolds
  A quokka (D:2)
  4 ball pythons
  5 bats
  4 frilled lizards
  5 rats
45 creatures vanquished.

Notes
Turn   | Place    | Note
-------+----------+-------------------------------------------
     0 | D:1      | qw the Spriggan Hunter began the quest for the Orb.
     0 | D:1      | Reached XP level 1. HP: 10/10 MP: 2/2
     0 | D:1      | 0 ||| qw: Version: 0.3-a-160-g6735b56
     0 | D:1      | 0 ||| qw: Game counter: 5992
     0 | D:1      | 0 ||| qw: Melee chars always use a shield: true
     0 | D:1      | 0 ||| qw: God list: Okawaru
     0 | D:1      | 0 ||| qw: Allow faded altars: false
     0 | D:1      | 0 ||| qw: Do Orc after clearing Dungeon:15 true
     0 | D:1      | 0 ||| qw: Do second Lair branch before Depths: true
     0 | D:1      | 0 ||| qw: Lair rune preference: random
     0 | D:1      | 0 ||| qw: Goals: Normal
     0 | D:1      | 0 ||| PLANNING D:1-11
    35 | D:1      | Reached skill level 3 in Dodging
   100 | D:1      | Reached XP level 2. HP: 14/14 MP: 3/3
   412 | D:1      | Reached XP level 3. HP: 18/18 MP: 4/4
   525 | D:1      | 525 ||| DROPPING +6 ring of intelligence.
   526 | D:1      | 526 ||| READING scroll labelled FELIBRYCIC.
   627 | D:1      | 627 ||| DROPPING scroll of butterflies.
  1138 | D:2      | Reached skill level 5 in Ranged Weapons
  1372 | D:2      | 1372 ||| READING scroll labelled AVOOWK JOESS.
  1372 | D:2      | 1372 ||| IDENTIFYING sedimented red potion
  1373 | D:2      | 1373 ||| READING scroll labelled RIAVVO USAGOPH.
  1374 | D:2      | 1374 ||| DRINKING 2 bubbling puce potions.
  1410 | D:3      | Noticed a black bear
  1411 | D:3      | 1411 ||| DRINKING potion of haste.
  1416 | D:3      | HP: 3/18 [black bear (3)]
  1419 | D:3      | Mangled by a black bear

Levels and vault maps discovered:
D:1:      amcnicky_arrival_flooded_fountain, layout_basic
D:2:      kennysheep_big_flooded_room, layout_loops_ring, minmay_pentomino_v2
D:3:      layout_basic, xom_redecorated,
          dreamdust_ecumenical_altar_hidden_monk_grotto

Skill      XL: |  1  2  3 |
---------------+----------+-----
Dodging        | 3 4 |  4.0
Ranged Weapons | 5 |  5.0
Fighting       | |  1.5
Stealth        | |  1.5

Action                     || total
---------------------------++-------
   Fire: Shortbow          ||   111
    Use: Scroll            ||     3
         Potion            ||     2
 Armour: Robe              ||    13
  Dodge: Dodged            ||    34

Table legend:
 A = Non-vault XP
 B = Vault XP
 C = Vault XP percentage of total XP
 D = Non-vault monster count
 E = Vault monster count
 F = Vault count percentage of total count
                 A         B        C        D         E       F
            +---------+---------+-------+---------+---------+-------
      Total |      89 |       4 |   4.3 |      42 |       3 |   6.7
            +---------+---------+-------+---------+---------+-------
        D:1 |      47 |       0 |   0.0 |      30 |       0 |   0.0
        D:2 |      42 |       4 |   8.7 |      12 |       3 |  20.0
            +---------+---------+-------+---------+---------+-------
